 Dungeon Crawl Stone Soup version 0.21.0-3-g78d12a8 (webtiles) character file.

405 Gorglomux the Skirmisher (level 6, -1/91 HPs)
             Began as a Troll Wanderer on Jan 13, 2018.
             Slain by an orc
             ... wielding a +0 hand axe
              (3 damage)
             ... on level 4 of the Dungeon.
             The game lasted 00:07:52 (2600 turns).

Gorglomux the Skirmisher (Troll Wanderer)           Turns: 2600, Time: 00:07:53

Health: -1/91      AC:  5    Str: 27    XL:     6   Next: 56%
Magic:  5/5        EV:  7    Int:  8    God:
Gold:   141        SH:  9    Dex: 10    Spells: 5/5 levels left

rFire    . . .     SeeInvis .     - Unarmed
rCold    . . .     Gourm    +   a - +0 shield
rNeg     . . .     Faith    .   c - +0 robe
rPois    .         Spirit   .   (helmet restricted)
rElec    .         Reflect  .   (no cloak)
rCorr    .         Harm     .   (gloves unavailable)
MR       .....                  (boots unavailable)
Stlth    ..........             (no amulet)
HPRegen  0.65/turn              (no ring)
MPRegen  0.09/turn              (no ring)

@: berserking (expiring), slowed
A: large, unfitting armour, claws 3, fast metabolism 3, gourmand, regeneration
1, shaggy fur 1, tough skin 2
a: no special abilities


You were on level 4 of the Dungeon.
You were very full.

You visited 1 branch of the dungeon, and saw 4 of its levels.

You collected 141 gold pieces.

Inventory:

Armour
 a - a +0 shield (worn)
 c - a +0 robe (worn)
Scrolls
 h - a scroll of magic mapping {unknown}
 i - 4 scrolls of remove curse {unknown}
 j - a scroll of identify {unknown}
Potions
 m - a potion of haste {unknown}
Books
 b - the Disquisition on Transformation

   Spells                             Type                      Level
   a - Beastly Appendage              Transmutation                1
   b - Spider Form                    Transmutation/Poison         3
Comestibles
 f - 5 rations
 n - 5 chunks of flesh


   Skills:
 + Level 3.6 Fighting
   Level 1.0 Polearms
 - Level 1.0 Throwing
 + Level 3.2 Shields
 + Level 3.6 Unarmed Combat
   Level 2.1 Transmutations
   Level 1.3 Fire Magic


You had 5 spell levels left.
You didn't know any spells.

Dungeon Overview and Level Annotations

Branches:
Dungeon (4/15)
 Temple: D:4-7

Altars:
Makhleb


Innate Abilities, Weirdness & Mutations

You are too large for most types of armour.
You have claws for hands.
Your metabolism is lightning-fast.
You like to eat raw meat.
Your natural rate of healing is unusually fast.
You are covered in fur. (AC +1)
You have very tough skin. (AC +2)


Message History

The gnoll hits you from afar with a halberd!!! * * * don't die
* * * The gnoll hits you from afar with a spear! * * * don't die
* * * You block the orc's attack!
You block the orc wizard's attack!
You eviscerate the orc!!!!!!
You annihilate the orc!!!
The gnoll hits you from afar with a spear! * * * don't die
* * * The gnoll hits you from afar with a halberd! * * * don't die
* * * The orc wizard completely misses you!
The orc hits you with a flail of protection!!! * * * don't die
* * * You block the orc wizard's attack!
Items here: ) [ †† a flail; a leather armour; an orc corpse x2
You feel a strong urge to attack something!
The orc hits you with a hand axe! rip

#####....##
#........(######
.........#.gg..#
.#######)###g.##
#gg# ..# ##g.#
### #. ###oo##
#.####..)##
##.....o@#
.........#
.###..#.## ##...#
#...# ###
##..########.#
#.....##.#...#
####...........##
.............#.#


You could see an orc wizard, 3 gnolls and 2 orcs.

Vanquished Creatures
  Sigmund (D:3)
  A hound (D:2)
  An orc priest (D:4)
  2 orc wizards (D:3)
  A worker ant (D:3)
  5 adders
  2 gnolls
  2 dart slugs (D:1)
  3 leopard geckos
  11 orcs
  A ball python (D:3)
  3 giant cockroaches
  4 goblins
  5 hobgoblins
  10 kobolds
  3 quokkas
  2 bats
  3 frilled lizards
  7 rats
67 creatures vanquished.

Notes
Turn   | Place    | Note
-------+----------+-------------------------------------------
     0 | D:1      | Gorglomux the Troll Wanderer began the quest for the Orb.
     0 | D:1      | Gorglomux set off with: a +0 shield, the Disquisition on Transformation, a +0 robe, a +0 club, 2 rations
     0 | D:1      | Reached XP level 1. HP: 19/19 MP: 0/0
    61 | D:1      | Reached skill level 1 in Unarmed Combat
    61 | D:1      | Reached XP level 2. HP: 28/28 MP: 1/1
   660 | D:1      | Reached XP level 3. HP: 35/35 MP: 2/2
   819 | D:1      | Identified the Disquisition on Transformation
  1408 | D:2      | Reached XP level 4. HP: 27/44 MP: 3/3
  1627 | D:2      | Found a burning altar of Makhleb.
  2017 | D:3      | Reached XP level 5. HP: 34/52 MP: 4/4
  2082 | D:3      | Noticed Sigmund
  2145 | D:3      | Killed Sigmund
  2145 | D:3      | Reached skill level 3 in Fighting
  2145 | D:3      | Reached skill level 3 in Shields
  2145 | D:3      | Reached skill level 3 in Unarmed Combat
  2145 | D:3      | Reached XP level 6. HP: 34/61 MP: 5/5
  2598 | D:4      | HP: 1/91 [orc/flail of protection (8)]
  2600 | D:4      | Slain by an orc

Skill      XL: |  1  2  3  4  5 |
---------------+----------------+-----
Unarmed Combat | 1 2 3 |  3.6
Fighting       | 2 3 |  3.6
Shields        | 2 3 |  3.2
Polearms       | |  1.0
Throwing       | |  1.0
Transmutations | |  2.1
Fire Magic     | |  1.3

Action                   |  1- 3 |  4- 6 || total
-------------------------+-------+-------++-------
Melee: Club              |     7 |       ||     7
       Unarmed           |    71 |   158 ||   229
  Use: Potion            |       |     1 ||     1
  Eat: Chunk             |    18 |    11 ||    29
Armor: Robe              |    20 |    30 ||    50
Dodge: Dodged            |    19 |    41 ||    60
Block: Shield            |    34 |    51 ||    85
